 Seeded DCSS version 0.30.1-10-g1249ef9ec4 (webtiles) character file.

Game seed: 5 (custom seed)

275142 Kazon the Peltast (level 19, -2/174 HPs)
             Began as a Minotaur Fighter on Oct 20, 2023.
             Was the Champion of the Shining One.
             Killed from afar by Jory (63 damage)
             ... with a crystal spear
             ... on level 2 of the Vaults on Oct 26, 2023.
             The game lasted 04:16:11 (29007 turns).

Kazon the Peltast (Minotaur Fighter)               Turns: 29007, Time: 04:16:12

Health: -2/174     AC: 23    Str: 28    XL:     19   Next: 54%
Magic:  17/27      EV: 16    Int: 13    God:    the Shining One [******]
Gold:   2784       SH: 25    Dex: 12    Spells: 18/18 levels left

rFire   + . .        q - +9 sacred scourge (holy)
rCold   + . .        c - +0 kite shield {reflect}
rNeg    + + +        z - +4 troll leather armour {Snorg}
rPois   .            x - +1 hat {Will+}
rElec   +            b - scarf {rC+ rF+}
rCorr   +            K - +1 pair of gloves {Str+3}
SInv    .            Z - +1 pair of boots
Will    ++...        e - amulet of regeneration
Stlth   +            a - ring of the Tortoise {AC+8}
HPRegen 2.09/turn    D - ring of Tunerch {rElec rCorr Int+6}
MPRegen 0.20/turn

%: reflection
@: divinely shielded, marked, glowing
A: horns 2, retaliatory headbutt
}: 2/15 runes: decaying, serpentine
a: Renounce Religion, Divine Shield, Cleansing Flame, Summon Divine Warrior


You were on level 2 of the Vaults.
You worshipped the Shining One.
The Shining One was exalted by your worship.
You visited 7 branches of the dungeon, and saw 33 of its levels.
You also visited: Ossuary, Gauntlet and Ice Cave.

You collected 3961 gold pieces.
You spent 1177 gold pieces at shops.

Inventory:

Hand Weapons
 f - a +1 hand axe of flaming
 h - the +10 zealot's sword {holy, Zealotry, *Rage rN+ EV+3}
   (You found it on level 3 of the Lair of Beasts)

   Zealotry:  Whenever the wielder enters a berserk rage, their allies are
   berserked alongside them.
   EV:        It affects your evasion (+3).
   rN:        It protects you from negative energy.
   *Rage:     It berserks you when you make melee attacks (+20% chance).
 q - a +9 sacred scourge of holy wrath (weapon)
 F - the +8 mace of Corruption {flame, rElec rC++ MP-9 Str-4}
   (You found it on level 2 of the Vaults)

   Str:       It affects your strength (-4).
   rC:        It greatly protects you from cold.
   rElec:     It insulates you from electricity.
   MP:        It affects your magic capacity (-9).
Missiles
 k - 4 boomerangs
 n - a throwing net
 r - 12 poisoned darts
 R - 3 atropa-tipped darts
 S - 3 javelins (quivered)
 T - 4 silver boomerangs
 V - 8 silver javelins
Armour
 b - a scarf of resistance (worn)
 c - a +0 kite shield of reflection (worn)
 i - a +2 kite shield of fire resistance
 x - a +1 hat of willpower (worn)
 z - a +4 troll leather armour (worn) {Snorg}
 K - a +1 pair of gloves of strength (worn)
 Z - a +1 pair of boots (worn)
Jewellery
 a - the ring of the Tortoise (left hand) {AC+8}
   (You found it in an ice cave)

   [ring of protection]

   AC:        It affects your AC (+8).
 e - an amulet of regeneration (around neck)
 m - the ring of Miuwe {rPois Will+}
   (You found it in a Gauntlet)

   [ring of willpower]

   rPois:     It protects you from poison.
   Will:      It increases your willpower.
 D - the ring of Tunerch (right hand) {rElec rCorr Int+6}
   (You found it in a Gauntlet)

   [ring of intelligence]

   Int:       It affects your intelligence (+6).
   rElec:     It insulates you from electricity.
   rCorr:     It protects you from acid and corrosion.
 X - a ring of protection from fire
Wands
 w - a wand of iceblast (20)
 A - a wand of paralysis (66)
 M - a wand of light (23)
 O - a wand of polymorph (12)
 U - a wand of digging (7)
 Y - a wand of mindburst (9)
Scrolls
 g - 6 scrolls of fog
 o - 5 scrolls of blinking
 s - 2 scrolls of summoning
 C - a scroll of poison
 G - 5 scrolls of fear
 I - 10 scrolls of teleportation
 J - 5 scrolls of magic mapping
 Q - a scroll of silence
Potions
 d - 4 potions of might
 j - 12 potions of curing
 l - 8 potions of flight
 p - 3 potions of lignification
 u - 4 potions of berserk rage
 v - 10 potions of heal wounds
 B - a potion of brilliance
 E - 4 potions of haste
 L - 2 potions of cancellation
 W - 3 potions of resistance
Miscellaneous
 t - a phantom mirror
 y - a phial of floods
 H - a tin of tremorstones (2/2)
 P - a lightning rod (4/4)


   Skills:
 + Level 16.6 Fighting
 + Level 11.8 Long Blades
 + Level 13.0(15.9) Axes
 + Level 14.8(16.8) Maces & Flails
 + Level 12.0 Throwing
 + Level 9.5 Armour
 + Level 11.6 Dodging
 + Level 2.4 Stealth
 + Level 17.1 Shields
 + Level 12.8 Invocations
 + Level 11.8 Evocations


You had 18 spell levels left.
You didn't know any spells.
Your spell library contained the following spells:

 Spells                   Type           Power      Damage    Failure   Level
 Beastly Appendage        Tmut           0%         N/A       41%         1
 Foxfire                  Conj/Fire      0%         2x1d4     41%         1
 Sting                    Tmut/Pois      0%         1d3       41%         1
 Blink                    Tloc           0%         N/A       56%         2
 Ensorcelled Hibernation  Hex/Ice        0%         N/A       56%         2
 Lesser Beckoning         Tloc           0%         N/A       56%         2
 Passwall                 Tmut/Erth      0%         N/A       56%         2
 Static Discharge         Conj/Air       0%         2-2/arc   56%         2
 Wereblood                Tmut           0%         N/A       56%         2
 Frozen Ramparts          Ice            0%         1d1       80%         3
 Ignite Poison            Fire/Tmut/Pois 0%         N/A       80%         3
 Spider Form              Tmut/Pois      0%         N/A       80%         3
 Swiftness                Air            0%         N/A       80%         3
 Airstrike                Air            0%         2d(0-16)  99%         4
 Cause Fear               Hex            0%         N/A       99%         4
 Ice Form                 Ice/Tmut       0%         N/A       99%         4
 Leda's Liquefaction      Hex/Erth       0%         N/A       99%         4
 Manifold Assault         Tloc           0%         N/A       99%         4
 Sticky Flame             Conj/Fire      0%         2d3       99%         4
 Summon Ice Beast         Ice/Summ       0%         N/A       99%         4
 Summon Lightning Spire   Summ/Air       0%         N/A       99%         4
 Alistair's Intoxication  Tmut/Pois      0%         N/A       100%        5
 Blade Hands              Tmut           0%         N/A       100%        5
 Borgnjor's Vile Clutch   Necr/Erth      0%         N/A       100%        5
 Fireball                 Conj/Fire      0%         3d3       100%        5
 Iskenderun's Battlesphe  Conj           0%         2d6       100%        5
 Lee's Rapid Deconstruct  Erth           0%         3d4*      100%        5
 Summon Forest            Summ/Tloc      0%         N/A       100%        5
 Conjure Ball Lightning   Conj/Air       0%         3x3d6     100%        6
 Eringya's Noxious Bog    Tmut/Pois      0%         N/A       100%        6
 Iron Shot                Conj/Erth      0%         9d1       100%        6
 Plasma Beam              Fire/Air       0%         2x1d11    100%        6
 Starburst                Conj/Fire      0%         6d3       100%        6
 Statue Form              Tmut/Erth      0%         N/A       100%        6
 Enfeeble                 Hex            0%         N/A       100%        7
 Malign Gateway           Summ/Tloc      0%         N/A       100%        7
 Spellforged Servitor     Conj/Summ      0%         N/A       100%        7
 Storm Form               Tmut/Air       0%         N/A       100%        7
 Summon Hydra             Summ           0%         N/A       100%        7
 Discord                  Hex            0%         N/A       100%        8
 Disjunction              Tloc           0%         N/A       100%        8
 Ignition                 Fire           0%         3d3       100%        8


Dungeon Overview and Level Annotations

Branches:
Dungeon (15/15)            Temple (1/1) D:4            Lair (5/5) D:8
  Swamp (4/4) Lair:3        Snake (4/4) Lair:3        Slime (0/5) Lair:5
    Orc (2/2) D:11            Elf (0/3) Orc:2        Vaults (2/5) D:13
  Crypt (0/3) Vaults:2     Depths (0/4) D:15        Ossuary (visited)
  IceCv (visited)         Gauntlet (visited)

Altars:
Ashenzari
Dithmenos
Fedhas
Hepliaklqana
Kikubaaqudgha
Qazlal
Ru
Sif Muna
Trog
Uskayaw
Vehumet
Wu Jian
Xom
Yredelemnul
Zin
The Shining One

Shops:
D:8 *   Orc:2 [(**   Snake:1 (![   Snake:4 ::=?   Vaults:2 !

Portals:
Abyss: Swamp:3

Annotations:
D:14 1 runed translucent door, Danienth's ghost, journeyman TrFi
D:15 2 transporters, lonewolfV2's ghost, journeyman DsFi
Swamp:2 2 transporters, exclusion: orange crystal statue
Swamp:3 2 transporters, fitz's ghost, adept BaHu
Snake:3 1 runed translucent door
Vaults:2 Jory


Innate Abilities, Weirdness & Mutations

You have a pair of horns on your head.
You reflexively headbutt those who attack you in melee.


Message History

You block the deep troll's attack. x3
The vault sentinel blows a loud note on a signal horn!
Unknown command.
You are momentarily dazzled by a brilliant light.
You block the water nymph's attack.
Splash!
You fall into the shallow water.
Moving in this stuff is going to be slow.
The water nymph's watery aura covers the alarm trap.
The deep troll barely misses you. The deep troll claws you.
You block the deep troll's attack.
Your unstable footing causes you to fumble your attack.
The water nymph closely misses you. You furiously retaliate!
You headbutt the water nymph.
Unknown command.
The deep troll attacks as you move away!
You block the deep troll's attack. x3; Your angel pulls the alarm!
The alarm trap emits a blaring wail!
The mark upon you grows brighter.
The water nymph changes into a cyclops!
Your angel hits the cyclops with a +2 whip of holy wrath! x2
An ironbound thunderhulk comes into view.
It is wielding a +0 dire flail.
The vault sentinel blows a loud note on a signal horn!
Your angel hits the cyclops with a +2 whip of holy wrath!!
Your angel hits the cyclops but does no damage.
Your angel hits the cyclops with a +2 whip of holy wrath.
The cyclops dies!
The ironbound thunderhulk moves out of view.
Things that are here:
a +0 morningstar; a +0 leather armour Throw: 4 javelins
Press: ? - help, Q - select action, (/) - cycle Shift-Dir - straight line, f - vault sentinel, p - ironbound convoker
Aim: a vault sentinel, wielding a +0 long sword and wearing a +0 ring mail (haloed, 79% to hit)
You throw a javelin. The javelin barely misses Jory.
The javelin pierces through the ironbound convoker.
The ironbound convoker is lightly wounded.
The javelin pierces through the vault sentinel!!!
The vault sentinel is severely wounded.
Jory gestures at you while chanting. The crystal spear misses your angel.
The crystal spear hits you!!!
You die...

##...........
#...#..#..#.) #####
##...........
##.#.###............
##.....###.#.#.#.#.#.
#.......#############
##.....## #...[...#
######## ##..@.!##
#....... ##.#A##
#.......
####V########.......
#..Tcp......#.......
#...pp...TT.#.......
#...........#.....##
#..........T'.....#
#.<....(....#.....#
#...........#.....#


You could see Jory, a centaur warrior, 2 vault sentinels, an ironbound convoker
(poisoned, catching breath, ally target) and a friendly angel (summoned).

Vanquished Creatures
  A bone dragon (Swamp:4)
  A lich (Vaults:1)
  Rupert (D:12)
  A tentacled monstrosity (Swamp:4)
  Frances (Swamp:1)
  2 thorn hunters
  A tengu reaver (Vaults:1)
  8 nagarajas
  4 vault wardens
  A fenstrider witch (Swamp:2)
  An orc warlord (Vaults:1)
  An ironbound thunderhulk (Vaults:1)
  10 ironbound preservers
  A war gargoyle (Vaults:2)
  3 very ugly things (Vaults:1)
  3 bunyips
  3 dire elephants (Vaults:1)
  A white draconian (IceCv)
  A minotaur (Gauntlet)
  Snorg (D:10)
  Josephine (Orc:2)
  An entropy weaver (Vaults:1)
  5 great orbs of eyes
  3 yaktaur captains
  3 ghost crabs
  5 vault guards
  A peacekeeper (Vaults:2)
  A rakshasa (D:14)
  4 ogre magi (Orc:2)
  12 hydras
  3 ironbound frosthearts (Vaults:1)
  7 centaur warriors
  2 death knights
  13 two-headed ogres
  11 anacondas
  21 naga warriors
  5 boulder beetles
  2 tengu warriors
  4 alligators
  3 death yaks (Lair:2)
  13 naga sharpshooters
  6 shock serpents
  A skyshark (Lair:4)
  Amaemon (Lair:2)
  A fire crab (shapeshifter) (D:14)
  5 salamander mystics
  5 goliath frogs
  12 deep trolls
  4 skeletal warriors
  An orb spider (shapeshifter) (D:12)
  A death drake (Swamp:3)
  3 swamp dragons
  10 sea snakes (Snake:4)
  5 spriggan druids
  3 bog bodies (Swamp:4)
  2 wizards
  9 naga ritualists
  2 spectral hydras (Swamp:4)
  5 ironbound convokers (Vaults:1)
  2 lindwurms (Vaults:1)
  A necromancer (D:15)
  2 phantasmal warriors
  2 orc knights
  16 mana vipers
  2 orc sorcerers
  5 deep elf pyromancers
  20 ugly things
  4 manticores
  5 cyclopes
  2 will-o-the-wisps
  17 salamanders
  12 elephants
  Maurice (D:9)
  36 black mambas
  6 guardian serpents
  6 vault sentinels
  14 cane toads
  2 centaur skeletons (D:15)
  18 naga magi
  4 gargoyles
  An orange demon (Lair:2)
  An efreet (D:13)
  An unseen horror (D:10)
  10 komodo dragons
  9 yaktaurs
  2 swamp worm zombies (Swamp:4)
  4 rime drakes (IceCv)
  A freezing wraith (D:15)
  4 tengu conjurers
  4 trolls
  A harpy zombie (D:15)
  A hydra zombie (Swamp:4)
  8 polar bears
  6 meliai
  2 meliai (shapeshifter)
  6 tyrant leeches
  5 alligator zombies (Swamp:4)
  A dream sheep (Lair:5)
  18 hornets
  5 blink frogs
  6 slime creatures
  4 shadows
  22 spriggans
  Sigmund (D:4)
  5 wraiths
  4 vampires
  A water elemental (D:12)
  8 wyverns
  4 hogs (Swamp:1)
  27 yaks
  7 basilisks
  3 steam dragons
  4 vampire mosquitoes
  2 wargs (Orc:1)
  51 nagas
  11 swamp worms
  An acid dragon (D:13)
  Duvessa (D:6)
  17 water moccasins
  A sky beast (shapeshifter) (D:15)
  2 black bears (shapeshifter)
  2 swamp drakes
  An ice beast (D:8)
  9 orc warriors
  A sky beast (D:7)
  7 black bears
  46 wolves
  9 centaurs
  3 swamp dragon zombies (Swamp:4)
  28 ogres
  13 boggarts
  An elf zombie (Ossuary)
  3 phantoms
  2 kobold brigands
  12 bullfrogs
  A gnoll sergeant (D:8)
  3 scorpions
  23 wights
  Dowan (D:6)
  12 killer bees
  4 lindwurm simulacra (IceCv)
  5 howler monkeys
  A vampire bat (D:7)
  3 electric eels
  3 komodo dragon simulacra (IceCv)
  A wyvern simulacrum (D:8)
  2 centaur zombies
  6 hounds
  18 orc priests
  3 human zombies (Ossuary)
  A jelly (D:5)
  6 iguanas
  19 orc wizards
  9 ogre zombies
  A centaur simulacrum (D:8)
  7 mummies (Ossuary)
  15 gnolls
  5 acid dragon simulacra (IceCv)
  9 adders
  A shadow imp (D:8)
  13 white imps
  2 ufetubi
  9 steam dragon simulacra (IceCv)
  A worm zombie (D:7)
  2 adder zombies (Ossuary)
  3 worms
  56 orcs
  12 bats
  9 endoplasms
  A giant cockroach (D:1)
  12 goblins
  7 hobgoblins
  11 jackals
  15 kobolds
  3 quokkas (D:4)
  6 ball pythons
  3 frilled lizards
  A goblin skeleton (D:11)
  5 goblin zombies
  A hobgoblin skeleton (D:11)
  10 hobgoblin zombies
  3 kobold zombies
  4 orc zombies (D:11)
  4 quokka zombies (Ossuary)
  4 rats
  4 rat zombies (Ossuary)
1188 creatures vanquished.

Vanquished Creatures (collateral kills)
  Nikola (Snake:1)
  Kirke (Swamp:1)
  Donald (Snake:1)
  A fenstrider witch (Swamp:3)
  A vault warden (Vaults:2)
  5 eleionomae
  A deep elf annihilator (Vaults:2)
  A dire elephant (Vaults:1)
  A shambling mangrove (Swamp:2)
  3 hydras (Swamp:2)
  A ghost crab (Swamp:3)
  5 alligators
  3 naga warriors (Snake:4)
  A naga sharpshooter (Snake:4)
  2 shock serpents (Snake:4)
  2 goliath frogs
  A bog body (Swamp:2)
  A sea snake (Snake:4)
  2 spectral hydras (Swamp:4)
  2 salamanders
  A cyclops (shapeshifter) (Vaults:2)
  2 guardian serpents (Snake:4)
  2 vault sentinels (Vaults:2)
  6 naga magi (Snake:4)
  3 black mambas (Snake:4)
  2 hydra zombies (Swamp:4)
  A tyrant leech (Swamp:3)
  A hornet (Swamp:3)
  A spectral swamp dragon (Swamp:4)
  A spriggan (Swamp:3)
  A hog (Swamp:1)
  8 nagas (Snake:4)
  A swamp dragon zombie (Swamp:4)
  5 phantoms (Swamp:4)
  A spectral swamp drake (Swamp:4)
  2 swamp drake zombies (Swamp:4)
74 creatures vanquished.

Vanquished Creatures (others)
  An ogre mage (D:12)
  A bloated husk (Swamp:4)
  A swamp worm (Swamp:2)
  An orc wizard (Orc:1)
  4 foxfires
8 creatures vanquished.

Grand Total: 1270 creatures vanquished

Notes
Turn   | Place    | Note
-------+----------+-------------------------------------------
     0 | D:1      | Kazon the Minotaur Fighter began the quest for the Orb.
     0 | D:1      | Reached XP level 1. HP: 19/19 MP: 0/0
    35 | D:1      | Identified a scroll of acquirement
    35 | D:1      | Acquired an amulet of regeneration
    78 | D:1      | Reached XP level 2. HP: 27/27 MP: 1/1
   207 | D:1      | Reached skill level 4 in Shields
   633 | D:1      | Reached XP level 3. HP: 33/33 MP: 2/2
  1154 | D:2      | Reached skill level 1 in Throwing
  1154 | D:2      | Reached XP level 4. HP: 38/41 MP: 3/3
  1546 | D:3      | Found a blossoming altar of Fedhas.
  1744 | D:3      | Found a stormy altar of Qazlal.
  1830 | D:3      | Identified the +2 sling "Qeuhanocyt" {speed, rElec Str-3
                  | Dex+2}
  1987 | D:3      | Found a faded altar of an unknown god.
  2016 | D:4      | Found a staircase to the Ecumenical Temple.
  2025 | Temple   | Entered the Ecumenical Temple
  2034 | Temple   | Became a worshipper of the Shining One
  2077 | D:4      | Noticed a scorpion
  2083 | D:4      | Killed a scorpion
  2084 | D:4      | Reached XP level 5. HP: 35/47 MP: 4/4
  2200 | D:4      | Noticed a black bear
  2217 | D:4      | Killed a black bear
  2218 | D:4      | Reached skill level 1 in Invocations
  2218 | D:4      | Reached XP level 6. HP: 37/53 MP: 5/5
  2222 | D:4      | Found a hazy altar of Hepliaklqana.
  2223 | D:4      | Found a shadowy altar of Dithmenos.
  2223 | D:4      | Noticed a shadow
  2262 | D:4      | Noticed Sigmund
  2275 | D:4      | Killed Sigmund
  2276 | D:4      | Reached skill level 5 in Axes
  2276 | D:4      | Reached skill level 1 in Dodging
  2334 | D:4      | Reached skill level 1 in Evocations
  2356 | D:4      | Reached skill level 5 in Shields
  2356 | D:4      | Reached XP level 7. HP: 53/60 MP: 7/7
  2768 | D:5      | Entered Level 5 of the Dungeon
  2884 | D:5      | Reached skill level 5 in Armour
  2950 | D:5      | Reached skill level 5 in Fighting
  3239 | D:6      | Noticed Dowan
  3240 | D:6      | Noticed Duvessa
  3246 | D:6      | Killed Dowan
  3250 | D:6      | Killed Duvessa
  3251 | D:6      | Reached XP level 8. HP: 43/68 MP: 9/9
  3292 | D:6      | Reached * piety under the Shining One
  3440 | D:6      | Found a shimmering altar of Xom.
  3724 | D:7      | Found a sand-covered staircase.
  3735 | Ossuary  | Entered an ossuary
  3794 | Ossuary  | Reached ** piety under the Shining One
  3898 | Ossuary  | Reached *** piety under the Shining One
  4080 | Ossuary  | Reached **** piety under the Shining One
  4174 | D:7      | Reached XP level 9. HP: 67/75 MP: 10/10
  4213 | D:7      | Noticed a two-headed ogre
  4224 | D:7      | Killed a two-headed ogre
  4225 | D:7      | Reached skill level 6 in Shields
  4861 | D:7      | Reached XP level 10. HP: 84/84 MP: 12/12
  4878 | D:8      | Reached skill level 5 in Invocations
  4937 | D:8      | Reached ***** piety under the Shining One
  5106 | D:8      | Reached skill level 7 in Shields
  5134 | D:8      | Reached skill level 5 in Evocations
  5149 | D:8      | Found a staircase to the Lair.
  5208 | D:8      | Found Izo Qiri's Assorted Antiques.
  5217 | D:8      | Bought a sedimented brown potion for 26 gold pieces
  5217 | D:8      | Bought a curved iron wand for 116 gold pieces
  5379 | D:8      | Reached skill level 10 in Axes
  5512 | D:8      | HP: 4/86 [electric eel/bolt of electricity (9)]
  5513 | D:8      | The Shining One protects you from harm!
  5514 | D:8      | The Shining One protects you from harm!
  6257 | D:9      | Reached skill level 1 in Stealth
  6342 | D:9      | Noticed Maurice
  6361 | D:9      | Reached XP level 11. HP: 87/92 MP: 14/14
  6367 | D:9      | Killed Maurice
  6368 | D:9      | Reached skill level 5 in Throwing
  7013 | D:10     | Entered Level 10 of the Dungeon
  7030 | D:10     | Reached skill level 8 in Shields
  7367 | D:10     | Noticed a two-headed ogre
  7379 | D:10     | Killed a two-headed ogre
  7434 | D:10     | Noticed Snorg
  7448 | D:10     | Killed Snorg
  7466 | D:10     | Found a shimmering blue altar of Sif Muna.
  7869 | Lair:1   | Entered Level 1 of the Lair of Beasts
  8057 | Lair:1   | Reached skill level 1 in Long Blades
  8133 | Lair:1   | Reached skill level 5 in Dodging
  8197 | Lair:1   | Reached ****** piety under the Shining One
  8208 | Lair:1   | Reached skill level 9 in Shields
  8220 | Lair:1   | Reached XP level 12. HP: 79/103 MP: 16/16
  8481 | Lair:2   | Noticed Amaemon
  8495 | Lair:2   | Killed Amaemon
  8522 | Lair:2   | Identified a +3 sacred scourge of holy wrath (a +1 demon
                  | whip of venom blessed by the Shining One)
  8522 | Lair:2   | Received a gift from the Shining One
  8543 | Lair:2   | Noticed a death yak
  8544 | Lair:2   | Noticed a death yak
  8544 | Lair:2   | Noticed a death yak
  8562 | Lair:2   | Killed a death yak
  8579 | Lair:2   | Killed a death yak
  8590 | Lair:2   | Killed a death yak
  8720 | Lair:2   | Noticed a five-headed hydra
  8728 | Lair:2   | Killed a two-headed hydra
  8781 | Lair:2   | Reached skill level 10 in Shields
  8867 | Lair:2   | Found an ornate altar of the Wu Jian Council.
  9278 | Lair:3   | Found a staircase to the Snake Pit.
  9295 | Lair:3   | Reached skill level 5 in Long Blades
  9365 | Lair:3   | Noticed a boulder beetle
  9386 | Lair:3   | Killed a boulder beetle
  9546 | Lair:3   | Found a staircase to the Swamp.
  9566 | Lair:3   | Found the +10 zealot's sword {holy, Zealotry, *Rage rN+
                  | EV+3}
 10390 | Lair:4   | Reached XP level 13. HP: 112/112 MP: 18/18
 11141 | Lair:5   | Entered Level 5 of the Lair of Beasts
 11149 | Lair:5   | Reached skill level 1 in Maces & Flails
 11149 | Lair:5   | Reached skill level 11 in Shields
 11156 | Lair:4   | Reached skill level 10 in Fighting
 11493 | Lair:5   | Found a staircase to the Slime Pits.
 11813 | Lair:5   | Reached XP level 14. HP: 117/122 MP: 19/19
 12538 | D:12     | Found a frozen archway.
 12577 | IceCv    | Entered an ice cave
 12634 | IceCv    | Found the ring of the Tortoise {AC+8}
 12810 | IceCv    | Reached skill level 12 in Shields
 12833 | IceCv    | Identified the ring of Omumul {*Corrode rC+ Int+5 Dex+2
                  | Stlth+}
 13087 | D:12     | Reached skill level 5 in Maces & Flails
 13364 | D:12     | Noticed Rupert
 13379 | D:12     | Killed Rupert
 14155 | D:13     | Got the Verses on Mutagenic Frost
 14192 | D:13     | Found a gate to the Vaults.
 14222 | D:13     | Reached skill level 10 in Invocations
 14335 | D:13     | Identified the +1 robe of the Marlin {-Tele rN+ Dex+3}
 14638 | D:14     | Found a runed translucent door.
 14649 | D:14     | Found a shimmering altar of Xom.
 14649 | D:14     | Noticed Danienth's ghost (journeyman TrFi)
 14954 | D:14     | Reached XP level 15. HP: 129/129 MP: 21/21
 15034 | D:14     | Found a hide-covered altar of Uskayaw.
 15702 | Snake:1  | Entered Level 1 of the Snake Pit
 15737 | Snake:1  | Identified the ring of Enowk {Ice Int+5}
 15934 | Swamp:1  | Entered Level 1 of the Swamp
 15976 | Swamp:1  | Noticed a thorn hunter
 15991 | Swamp:1  | Killed a thorn hunter
 16059 | Swamp:1  | Reached skill level 13 in Shields
 16141 | Swamp:1  | Noticed Frances
 16148 | Swamp:1  | Killed Frances
 16445 | Swamp:1  | Noticed Kirke
 16479 | Swamp:1  | Killed Kirke
 16480 | Swamp:1  | Reached skill level 10 in Evocations
 16773 | Swamp:2  | Found a transporter.
 16795 | Swamp:1  | Reached skill level 10 in Long Blades
 16819 | Swamp:2  | Noticed a thorn hunter
 16948 | Swamp:2  | Noticed a fenstrider witch
 16952 | Swamp:2  | Paralysed by a fenstrider witch for 5 turns
 16960 | Swamp:2  | Killed a fenstrider witch
 17009 | Swamp:2  | Found a transporter.
 17012 | Swamp:2  | Noticed a tentacled monstrosity
 17395 | Swamp:3  | Found a transporter.
 17398 | Swamp:3  | Found a transporter.
 17447 | Swamp:3  | Noticed a fenstrider witch
 17452 | Swamp:3  | Killed a fenstrider witch
 17467 | Swamp:3  | Reached XP level 16. HP: 139/139 MP: 16/23
 17492 | Swamp:3  | Noticed fitz's ghost (adept BaHu)
 17525 | Swamp:3  | Found a sacrificial altar of Ru.
 17891 | Swamp:4  | Entered Level 4 of the Swamp
 17954 | Swamp:3  | Found a one-way gate to the infinite horrors of the Abyss.
 18234 | Swamp:4  | Noticed a thorn hunter
 18251 | Swamp:4  | Killed a thorn hunter
 18346 | Swamp:4  | Noticed a tentacled monstrosity
 18356 | Swamp:4  | Killed a tentacled monstrosity
 18917 | Swamp:4  | Noticed a bone dragon
 18943 | Swamp:4  | Killed a bone dragon
 18944 | Swamp:4  | Reached skill level 14 in Shields
 18993 | Swamp:4  | Got a decaying rune of Zot
 19205 | Snake:1  | Reached skill level 10 in Maces & Flails
 19266 | Snake:1  | Found Suyxaint's Antique Weapon Shoppe.
 19270 | Snake:1  | Found Cymmoo's Distillery.
 19271 | Snake:1  | Found Ygoulout's Armour Shoppe.
 19274 | Snake:1  | Bought a glowing broad axe for 168 gold pieces
 19375 | Snake:1  | Found a glowing silver altar of Zin.
 19620 | Snake:1  | Noticed Nikola
 19635 | Snake:1  | Killed Nikola
 19641 | Snake:1  | Noticed Donald
 19649 | Snake:1  | Killed Donald
 19740 | Snake:1  | Upgraded the game from 0.30.1-9-gdf580d7c3d to
                  | 0.30.1-10-g1249ef9ec4
 20132 | Snake:2  | Identified the +1 robe "Nakhlulo" {Str+2}
 20163 | Snake:2  | Reached XP level 17. HP: 143/148 MP: 25/25
 22011 | Snake:3  | Found a runed translucent door.
 22052 | Snake:3  | Reached skill level 15 in Shields
 22382 | Snake:4  | Entered Level 4 of the Snake Pit
 22565 | Snake:4  | Reached skill level 10 in Dodging
 22589 | Snake:4  | Reached skill level 10 in Throwing
 22821 | Snake:4  | Found Soll's Magic Scroll Shop.
 22824 | Snake:4  | Bought a scroll of teleportation for 45 gold pieces
 22824 | Snake:4  | Bought a scroll of enchant weapon for 112 gold pieces
 22824 | Snake:4  | Bought a scroll of teleportation for 45 gold pieces
 22824 | Snake:4  | Bought a scroll of enchant weapon for 112 gold pieces
 22824 | Snake:4  | Bought a scroll of brand weapon for 142 gold pieces
 22929 | Snake:4  | Found Tesorgh's Jewellery Shop.
 22929 | Snake:4  | Found Bujod's Book Shoppe.
 22930 | Snake:4  | Found Dijumula's Book Shoppe.
 22960 | Snake:4  | Reached XP level 18. HP: 153/161 MP: 20/26
 23314 | Snake:4  | Reached skill level 15 in Fighting
 23379 | Snake:4  | Got a serpentine rune of Zot
 24002 | D:11     | Found a staircase to the Orcish Mines.
 24013 | Orc:1    | Entered Level 1 of the Orcish Mines
 24307 | Orc:2    | Entered Level 2 of the Orcish Mines
 24307 | Orc:2    | Noticed Josephine
 24594 | Orc:1    | Reached skill level 16 in Shields
 24612 | Orc:2    | Killed Josephine
 24757 | Orc:2    | Found a staircase to the Elven Halls.
 25131 | Orc:2    | Found Lifoc's Assorted Antiques.
 25131 | Orc:2    | Found Itoejit's Antique Weapon Shop.
 25132 | Orc:2    | Found Fiots's General Store.
 25132 | Orc:2    | Found Jigu's Antique Armour Emporium.
 25164 | Orc:2    | Bought a pair of glowing gloves for 187 gold pieces
 25182 | Orc:2    | Bought a scroll of enchant weapon for 112 gold pieces
 25182 | Orc:2    | Bought a scroll of enchant weapon for 112 gold pieces
 25392 | D:15     | Entered Level 15 of the Dungeon
 25393 | D:15     | Found a transporter.
 25393 | D:15     | Found a transporter.
 25396 | D:15     | Found a broken altar of Ashenzari.
 25457 | D:15     | Found a staircase to the Depths.
 25516 | D:15     | Found a gate leading to a gauntlet.
 25536 | Gauntlet | Entered a Gauntlet
 25536 | Gauntlet | Found a transporter.
 25536 | Gauntlet | Found a transporter.
 25536 | Gauntlet | Found a large runed translucent door.
 25536 | Gauntlet | Found a large runed translucent door.
 25536 | Gauntlet | Found a large runed translucent door.
 25536 | Gauntlet | Found a large runed translucent door.
 25536 | Gauntlet | Found a large runed translucent door.
 25536 | Gauntlet | Found a large runed translucent door.
 25536 | Gauntlet | Found a runed translucent door.
 25536 | Gauntlet | Found a runed translucent door.
 25536 | Gauntlet | Found a large runed translucent door.
 25536 | Gauntlet | Found a large runed translucent door.
 25536 | Gauntlet | Found a large runed translucent door.
 25536 | Gauntlet | Found a large runed translucent door.
 25536 | Gauntlet | Found a large runed translucent door.
 25536 | Gauntlet | Found a large runed translucent door.
 25541 | Gauntlet | Found a transporter.
 25557 | Gauntlet | Found a transporter.
 25575 | Gauntlet | Found a transporter.
 25589 | Gauntlet | Found a transporter.
 25594 | Gauntlet | Found the +2 cloak of the Thief {*Fog Slay-2 SInv Stlth+}
 25609 | Gauntlet | Found a transporter.
 25678 | Gauntlet | Found a large runed translucent door.
 25678 | Gauntlet | Found a large runed translucent door.
 25679 | Gauntlet | Found a runed translucent gate.
 25679 | Gauntlet | Found a runed translucent gate.
 25679 | Gauntlet | Found a runed translucent gate.
 25681 | Gauntlet | Found a transporter.
 25691 | Gauntlet | Found a large runed translucent door.
 25692 | Gauntlet | Found a large runed translucent door.
 25697 | Gauntlet | Found a transporter.
 25719 | Gauntlet | Found a transporter.
 25729 | Gauntlet | Found a transporter.
 25748 | Gauntlet | Found a transporter.
 25822 | Gauntlet | Found a transporter.
 25841 | Gauntlet | Found a transporter.
 25866 | Gauntlet | Found a transporter.
 25880 | Gauntlet | Found a transporter.
 25918 | Gauntlet | Identified the ring of Miuwe {rPois Will+}
 25971 | Gauntlet | Identified the ring of Tunerch {rElec rCorr Int+6}
 26016 | Gauntlet | Identified the +0 pair of boots "Duocaba" {Contam rPois
                  | Int+7 Dex-3}
 26032 | Gauntlet | Identified the +1 scale mail "Duedacir" {+Blink +Inv rN+++
                  | Str-5}
 26032 | Gauntlet | Identified the +0 kite shield of Lethargy {rF+}
 26064 | Gauntlet | Identified the +1 pair of boots of Whack-A-Mole {Harm}
 26065 | Gauntlet | Got the Elucidation of the Goat
 26073 | Gauntlet | Got the Volume of Interference
 26335 | D:15     | Noticed lonewolfV2's ghost (journeyman DsFi)
 27054 | Vaults:1 | Entered Level 1 of the Vaults
 27330 | Vaults:1 | Reached XP level 19. HP: 127/172 MP: 27/27
 27511 | Vaults:1 | Identified the +10 dagger of the Lame Duck {freeze, rElec
                  | rPois rC+ MP-9}
 27812 | Vaults:1 | Paralysed by a great orb of eyes for 5 turns
 27877 | Vaults:1 | Reached skill level 17 in Shields
 28254 | Vaults:1 | Found a radiant altar of Vehumet.
 28266 | Vaults:1 | Identified the +2 hat of Bosijump {-Tele rC+ Will+}
 28396 | Vaults:2 | Found a staircase to the Crypt.
 28396 | Vaults:2 | Found a basalt altar of Yredelemnul.
 28397 | Vaults:2 | Found an ancient bone altar of Kikubaaqudgha.
 28749 | Vaults:2 | Identified the +8 mace of Corruption {flame, rElec rC++
                  | MP-9 Str-4}
 28758 | Vaults:2 | Found Simisust's Distillery.
 28790 | Vaults:2 | Identified the +5 tower shield of Vikh {rF- rC+ Int+2}
 29000 | Vaults:2 | Noticed Jory
 29007 | Vaults:2 | Killed from afar by Jory

Illustrated notes

Levels and vault maps discovered:
D:1:      ebering_trefoil_3fold, layout_basic, st_stairs_14, serial_bayou_ford_a
D:2:      layout_basic, hangedman_decor_growths, minmay_close_crescents
D:3:      layout_rooms, mainiacjoe_overflow_concentric_impassable,
          mainiacjoe_overflow_paths, shapermc_ecumenical_altar_acropolis,
          chequers_serial_rivers_micro_b
D:4:      layout_basic, riverfiend_overflow_shadow_ancestor,
          minmay_temple_entry_glass, uniq_sigmund
D:5:      layout_gridville
D:6:      layout_basic, xom_teletrap_fun, uniq_duvessa
D:7:      layout_loops_ring, enter_ossuary_3, roderic_batcave
D:8:      layout_layer_cave, minmay_lair_entry_grove, serial_shops,
          nicolae_lakefront_shop, serial_ice, serial_ice_o, serial_ice_d,
          serial_ice_k, serial_ice_a
D:9:      layout_loops_ring, nicolae_wwwww, uniq_maurice
D:10:     layout_irregular_city, led_sif_pool, uniq_snorg
D:11:     layout_basic, zombieorc2_lemuel, chequers_garden
D:12:     layout_basic, portal_ice_cave_entry_imps,
          chequers_serial_rivers_micro_e, minivault_28, uniq_rupert
D:13:     layout_basic, lightli_vaults_fourway_checkpoint, serial_corexii_hall,
          chequers_hall_statues_wall_a, chequers_hall_statues_wall_a
D:14:     layout_irregular_city, nicolae_uskayaw_dance_hall, ebering_ghost_xom,
          grunt_ministairs_12
D:15:     grunt_enter_depths_magical_seal, layout_basic, gauntlet_entry_generic,
          ashenzari_conservatory_becter, gammafunk_ghost_smash
Temple:   nicolae_temple_elliptical
Lair:1:   layout_big_grid, serial_bayou_pond_a
Lair:2:   layout_gridlike, basic_altar, uniq_amaemon
Lair:3:   layout_small_grid, swamp_mist, minmay_snake_entry_six_corridors,
          worms_lemuel, serial_bayou_shore_a
Lair:4:   layout_gridlike, nzn_random_ring, infiniplex_staircase_pool_2
Lair:5:   minmay_lair_end_enchanted_forest, layout_misc_corridors,
          dpeg_slime_entry_enclosed
Swamp:1:  layout_basic_swamp, evilmike_swamp_ruin_wall, swamp_pool2,
          nicolae_swamp_very_dense_foliage, infiniplex_staircase_pool,
          uniq_kirke, uniq_frances
Swamp:2:  gammafunk_sealed_arena, layout_basic_swamp, hangedman_swamp_ruin_wall
Swamp:3:  layout_falls_marsh, gammafunk_ghost_abyssal_escape, basic_altar,
          swamp_pool5, nicolae_swamp_stuck_in_the_mud
Swamp:4:  swamp_pestilence, layout_basic_swamp
Snake:1:  layout_grid_maze, basic_altar, nicolae_snake_guarding_the_ruins,
          minmay_shop_star, uniq_donald, uniq_nikola
Snake:2:  layout_honeycomb
Snake:3:  layout_gridlike, lightli_airlock
Snake:4:  grunt_snake_rune_pools, layout_onion_interference, serial_shops,
          nicolae_shop_rolled_up, guppyfry_snake_island, minmay_shop_grove
Orc:1:    layout_caves, serial_shops, nicolae_orc_sculptors_studio
Orc:2:    st_orc_ogre_mass, layout_caves, basic_altar, nicolae_orc_tapped_out,
          uniq_josephine
Vaults:1: ontoclasm_vaults_ring_square, nicolae_vaults_offset_grid_hallway_4,
          nicolae_vaults_layer_cake_slice, v_alt_pattern_6,
          vaults_dpeg_emergency_exit, ontoclasm_vaults_idyll,
          grunt_tower_of_power, nicolae_vaults_heart-shaped_vault, v_misc_28,
          nicolae_vaults_three_branches, vaults_room_grunt_arrival_ludios,
          nicolae_vaults_tangram_1, ontoclasm_vaults_claustrophobia, v_misc_29,
          layout_vaults_maze_bifur
Vaults:2: ploomutoo_gammafunk_ghost_potion_laboratory,
          nicolae_vaults_puzzle_piece, nicolae_vaults_two_Ls,
          nicolae_vaults_more_shelving_2, nicolae_vaults_trapezoid_1,
          minmay_crypt_entry_necro_gods, nicolae_vaults_little_squares_1,
          nicolae_vaults_alarming, nicolae_vaults_asterisk,
          nicolae_vaults_an_arrangement, vaults_room_corners,
          nicolae_vaults_apartment_1, nicolae_vaults_double_plus_3,
          layout_vaults_ring, serial_shops, shop, uniq_jory

Skill      XL: |  1  2  3  4  5  6  7  8  9 10 11 12 13 14 15 16 17 18 19 |
---------------+----------------------------------------------------------+-----
Fighting       | 4 5 6 7 8 9 10 11 12 14 15 16 | 16.6
Shields        | 4 5 6 7 9 10 11 12 13 14 15 16 17 | 17.1
Armour         | 4 5 6 7 8 9 |  9.5
Axes           | 3 4 5 6 7 9 10 11 12 13 | 13.0
Throwing       | 1 2 3 4 5 6 7 8 9 10 11 12 | 12.0
Invocations    | 1 2 3 4 6 7 8 9 10 11 12 | 12.8
Dodging        | 1 2 3 4 5 6 7 8 9 10 11 | 11.6
Evocations     | 1 2 3 4 5 6 7 8 9 10 11 | 11.8
Stealth        | 1 2 |  2.4
Long Blades    | 2 5 8 9 10 11 | 11.8
Maces & Flails | 3 7 9 10 13 14 | 14.8

Action                     |  1- 3 |  4- 6 |  7- 9 | 10-12 | 13-15 | 16-18 | 19-21 || total
---------------------------+-------+-------+-------+-------+-------+-------+-------++-------
  Melee: War axe           |   104 |    98 |   143 |    44 |       |       |       ||   389
         Headbutt          |    14 |    11 |    94 |   230 |   282 |   454 |    98 ||  1183
         Hand axe          |       |       |   193 |   621 |   181 |    25 |       ||  1020
         Eudemon blade     |       |       |       |    29 |   315 |    93 |    74 ||   511
         Sacred scourge    |       |       |       |       |   435 |  1262 |   186 ||  1883
         Unarmed           |       |       |       |       |     2 |       |       ||     2
  Throw: Stone             |       |    15 |    35 |    46 |    68 |       |       ||   164
         Dart              |       |     1 |    31 |    46 |    51 |   129 |    33 ||   291
         Boomerang         |       |       |    13 |    59 |    74 |   323 |    13 ||   482
         Javelin           |       |       |       |       |     7 |    21 |     7 ||    35
         Throwing net      |       |       |       |       |     2 |       |       ||     2
 Invoke: Divine Shield     |       |       |       |     1 |       |       |     1 ||     2
         Brand Weapon With |       |       |       |     1 |       |       |       ||     1
         Summon Divine War |       |       |       |       |     4 |     4 |     3 ||    11
  Evoke: Wand              |       |       |     1 |     8 |    31 |    26 |     2 ||    68
         Phial of floods   |       |       |       |       |     1 |       |       ||     1
         Lightning rod     |       |       |       |       |       |     4 |       ||     4
    Use: Scroll            |     2 |     1 |       |    10 |    15 |    13 |       ||    41
         Potion            |     1 |       |       |     2 |     1 |     2 |       ||     6
 Armour: Scale mail        |    33 |    35 |    71 |   102 |    35 |       |       ||   276
         Troll leather arm |       |       |       |   118 |   192 |   333 |    54 ||   697
         Plate armour      |       |       |       |    31 |       |       |       ||    31
  Dodge: Dodged            |    32 |    31 |    75 |   236 |   315 |   512 |   106 ||  1307
  Block: Buckler           |     4 |       |       |       |       |       |       ||     4
         Tower shield      |    41 |    65 |   213 |   519 |   740 |   226 |       ||  1804
         Kite shield       |       |       |       |       |       |   537 |   120 ||   657
         Reflection        |       |       |       |       |       |    56 |    20 ||    76
